 Dungeon Crawl Stone Soup version 0.17-a0-1446-gc28613e (webtiles) character file.

7 Snupthedog the Digger (level 2, 0/19 HPs)
             Began as a Formicid Earth Elementalist on June 28, 2015.
             Slain by a hobgoblin (2 damage)
             ... on level 1 of the Dungeon.
             The game lasted 00:04:36 (618 turns).

Snupthedog the Digger (Formicid Earth Elementalist)  Turns: 618, Time: 00:04:36

Health: 0/19       AC:  2    Str: 12    XL:     2   Next: 10%
Magic:  3/5        EV: 12    Int: 21    God:
Gold:   14         SH:  0    Dex: 11    Spells: 1 memorised, 4 levels left

rFire  . . .     SeeInvis +     a - 26 stones
rCold  . . .     Clarity  .     b - +0 robe
rNeg   . . .     SustAt   .     (no shield)
rPois  .         Gourm    .     (helmet unavailable)
rElec  .         Spirit   .     (no cloak)
rCorr  .         Warding  .     (no gloves)
rMut   .         Stasis   +     (no boots)
MR     .....                    (no amulet)
Stlth  ++........               (no ring)
                                (no ring)

@: brilliant, not resistant to hostile enchantments, unstealthy
A: permanent stasis, dig shafts and tunnels, four strong arms, antennae 3,
clever 1
a: Dig, Shaft Self


You were on level 1 of the Dungeon.
You were not hungry.

You visited 1 branch of the dungeon, and saw 1 of its levels.

You collected 14 gold pieces.

Inventory:

Missiles
 a - 26 stones (in hand)
Armour
 b - a +0 robe (worn)
Scrolls
 i - a scroll of identify {unknown}
 j - a scroll of magic mapping {unknown}
Potions
 h - 2 potions of mutation
Books
 c - a book of Geomancy

   Spells                             Type                      Level
   a - Sandblast                      Earth                        1
   b - Stoneskin                      Transmutation/Earth          2
   c - Passwall                       Transmutation/Earth          3
   d - Stone Arrow                    Conjuration/Earth            3
   e - Petrify                        Transmutation/Earth          4
   f - Lee's Rapid Deconstruction     Earth                        5
Comestibles
 d - a bread ration
 f - a meat ration


   Skills:
 + Level 2.0 Dodging
 + Level 2.5 Stealth
 + Level 2.2 Spellcasting
   Level 1.1 Transmutations
 + Level 3.9 Earth Magic


You had 4 spell levels left.
You knew the following spells:

 Your Spells              Type           Power        Failure   Level  Hunger
a - Sandblast             Erth           ####..       1%          1    #......


Dungeon Overview and Level Annotations

Branches:
Dungeon (1/15)

Altars:
Fedhas


Innate Abilities, Weirdness & Mutations

You are under a permanent stasis effect.
You can dig through walls and to a lower floor.
Your four strong arms can wield two-handed weapons with a shield.
You have a pair of large antennae on your head (SInv).
Your mind is acute. (Int +2)


Message History

The rocky blast hits the hobgoblin.
The hobgoblin is severely wounded.
The hobgoblin closely misses you.
Casting: Sandblast
Confirm with . or Enter, or press ? or * to list all spells.
Aiming: Sandblast
Press: ? - help, Shift-Dir - straight line, f/p - hobgoblin
Aim: a hobgoblin, wearing a scale mail (severely wounded)
The rocky blast hits the hobgoblin.
The hobgoblin is severely wounded.
The hobgoblin hits you.
* * * LOW HITPOINT WARNING * * *
Drink which item? (? for menu, Esc to quit)
Okay, then.
Unknown command.
Drink which item? (? for menu, Esc to quit)
It was a potion of brilliance.
You feel clever all of a sudden. The hobgoblin hits you.
You die...

#..# #.#########.
#..#####.#######
#. #.....#...#...
#.
#.###.###.#.#.###.
#.#.....#...#...#.
#.#.###.#.#####.#.
#.#. #...# #<...
#g# ##### ##.#.
#@# #.#. #.# #'#.
..# ...#. #..#
#####.# #. #..#
#.....# #. ##.#
### ###.### #. #.#
...#.....# #. #.#
#.#.###.# #. ...
#.# #.


You could see a hobgoblin.

Vanquished Creatures
  A bat (D:1)
  A hobgoblin (D:1)
  2 giant newts (D:1)
  2 goblins (D:1)
  2 rats (D:1)
8 creatures vanquished.

Notes
Turn   | Place    | Note
--------------------------------------------------------------
     0 | D:1      | Snupthedog the Formicid Earth Elementalist began the quest for the Orb.
     0 | D:1      | Reached XP level 1. HP: 13/13 MP: 3/3
   175 | D:1      | Found a blossoming altar of Fedhas.
   212 | D:1      | Reached XP level 2. HP: 8/19 MP: 1/5
   609 | D:1      | Gained mutation: Your mind is acute. (Int +2) [potion of mutation]
   609 | D:1      | Gained mutation: Your flesh is heat resistant. [potion of mutation]
   609 | D:1      | Lost mutation: Your flesh is heat resistant. [potion of mutation]
   618 | D:1      | Slain by a hobgoblin

Vault maps used:
D:1:      elethiomel_arrival_maze, kennysheep_flooded_box

Action                   || total
-------------------------++-------
Melee: Unarmed           ||    50
 Cast: Sandblast         ||    18
 Abil: Dig               ||     1
  Use: Potion            ||     2
       Scroll            ||     1
 Stab: Sleeping          ||     2
